 Dungeon Crawl Stone Soup version 0.28.0-43-g3370ac3207 (webtiles) character file.

Game seed: 2103154112065589965

500 Ablot the Grasshopper (level 7, -1/56 HPs)
             Began as a Gnoll Warper on Mar 19, 2022.
             Was an Initiate of Okawaru.
             Slain by a gnoll
             ... wielding a +0 spear
              (5 damage)
             ... on level 5 of the Dungeon.
             The game lasted 00:08:01 (5724 turns).

Ablot the Grasshopper (Gnoll Warper)                Turns: 5724, Time: 00:08:01

Health: -1/56      AC:  3    Str: 12    XL:     7   Next: 16%
Magic:  16/24      EV: 13    Int: 12    God:    Okawaru [......]
Gold:   316        SH:  0    Dex: 12    Spells: 12/17 levels left

rFire   . . .      SeeInvis .   a - +0 trident
rCold   . . .      Faith    .   (no shield)
rNeg    . . .      Spirit   .   b - +0 leather armour
rPois   .          Reflect  .   (no helmet)
rElec   .          Harm     .   (no cloak)
rCorr   .          Rampage  .   (no gloves)
Will    .....                   (no boots)
Stlth   ++........              (no amulet)
HPRegen 0.18/turn               t - ring of magical power
MPRegen 0.19/turn               (no ring)

@: on blink cooldown
A: fangs 1, strong nose, distributed training
a: Renounce Religion


You were on level 5 of the Dungeon.
You worshipped Okawaru.
Okawaru was noncommittal.
You visited 2 branches of the dungeon, and saw 6 of its levels.

You collected 316 gold pieces.

Inventory:

Hand Weapons
 a - a +0 trident (weapon)
 w - a +4 quarterstaff of holy wrath
Missiles
 d - 5 boomerangs of dispersal
 f - 6 poisoned darts (quivered)
 h - 100 stones
 n - 50 arrows
Armour
 b - a +0 leather armour (worn)
Magical Staves
 r - a staff of air
 y - a staff of fire
Jewellery
 s - a ring of ice
 t - a ring of magical power (left hand)
Scrolls
 c - 2 scrolls of blinking
 k - a scroll of identify {unknown}
 l - 2 scrolls of teleportation {unknown}
 p - a scroll of fog {unknown}
 u - 2 scrolls of immolation {unknown}
 x - 2 scrolls of fear {unknown}
 z - a scroll of vulnerability {unknown}
 A - a scroll of enchant weapon {unknown}
Potions
 e - 4 potions of heal wounds {unknown}
 g - a potion of resistance {unknown}
 i - a potion of might {unknown}
 j - a potion of curing {unknown}
 m - 2 potions of ambrosia {unknown}
 o - a potion of invisibility {unknown}
 q - a potion of berserk rage {unknown}
 v - a potion of brilliance {unknown}
 B - a potion of lignification {unknown}


   Skills:
 + Level 5.1 Fighting
 + Level 2.3 Short Blades
 + Level 2.3 Long Blades
 + Level 2.3 Axes
 + Level 2.3 Maces & Flails
 + Level 5.1 Polearms
 + Level 2.3 Staves
 + Level 2.3 Slings
 + Level 2.3 Bows
 + Level 2.3 Crossbows
 + Level 3.5 Throwing
 + Level 3.5 Armour
 + Level 5.1 Dodging
 + Level 2.3 Stealth
 + Level 2.3 Shields
 + Level 2.3 Unarmed Combat
 + Level 5.5 Spellcasting
 + Level 1.9 Conjurations
 + Level 1.9 Hexes
 + Level 1.9 Summonings
 + Level 1.9 Necromancy
 + Level 5.8 Translocations
 + Level 1.9 Transmutations
 + Level 1.9 Fire Magic
 + Level 1.9 Ice Magic
 + Level 1.9 Air Magic
 + Level 1.9 Earth Magic
 + Level 1.9 Poison Magic
 + Level 2.5 Invocations
 + Level 2.3 Evocations


You had 12 spell levels left.
You knew the following spells:

 Your Spells              Type           Power      Damage    Failure   Level
a - Blink                 Tloc           34%        N/A       3%          2
b - Sting                 Tmut/Pois      28%        1d4       11%         1
c - Poisonous Vapours     Pois/Air       14%        N/A       17%         2

Your spell library contained the following spells:

 Spells                   Type           Power      Damage    Failure   Level
 Gell's Gravitas          Tloc           17%        N/A       7%          3
 Lesser Beckoning         Tloc           17%        N/A       7%          3
 Teleport Other           Tloc           17%        N/A       7%          3
 Manifold Assault         Tloc           17%        N/A       52%         5
 Olgreb's Toxic Radiance  Pois           7%         N/A       73%         4


Dungeon Overview and Level Annotations

Branches:
Dungeon (5/15)             Temple (1/1) D:5

Altars:
Ashenzari
Cheibriados
Dithmenos
Elyvilon
Fedhas
Gozag
Hepliaklqana
Kikubaaqudgha
Makhleb
Nemelex Xobeh
Okawaru
Qazlal
Ru
Sif Muna
Trog
Uskayaw
Vehumet
Wu Jian
Xom
Yredelemnul
Zin
The Shining One

Shops:
D:1 [


Innate Abilities, Weirdness & Mutations

You have very sharp teeth.
Your uncanny sense of smell can sniff out nearby items.
Your experience applies equally to all skills.


Message History

Unknown command.
You feel stable enough to blink again.
The gnoll looks more healthy.
Casting: Blink (safe; 3% risk of failure)
Confirm with . or Enter, or press ? or * to list all spells.
You blink.
Throw: 7 darts (poison)
Press: ? - help, Q - select action, (/) - cycle Shift-Dir - straight line, f/p - gnoll
Aim: a gnoll, wielding a +0 whip (fast, 64% to hit)
You throw a poisoned dart. The poisoned dart hits the gnoll.
The gnoll is poisoned.
Unknown command.
The gnoll looks more healthy.
You feel stable enough to blink again.
The gnoll shaman calls upon its god to speed up the gnoll.
The gnoll seems to speed up.
Casting: Blink (safe; 3% risk of failure)
Confirm with . or Enter, or press ? or * to list all spells.
You blink.
The gnoll shaman mumbles some strange prayers to its god against you.
You resist with some effort.
You feel stable enough to blink again.
The gnoll hits you from afar with a +0 spear.
* * * LOW HITPOINT WARNING * * *
The gnoll shaman calls down the wrath of its god upon you.
You resist with some effort.
The gnoll is no longer moving quickly.
Casting: Blink (safe; 3% risk of failure)
Confirm with . or Enter, or press ? or * to list all spells.
You blink.
You feel stable enough to blink again. The gnoll barely misses you.
You see here a +0 leather armour.
You aren't carrying any items that you can evoke.
Unknown command.
Casting: Blink (safe; 3% risk of failure)
Confirm with . or Enter, or press ? or * to list all spells.
You blink.
The gnoll hits you from afar with a +0 spear.
You die...

#.#### #.#............
##...## #..............
##...### ##.............
##....## #.............
##....## #.............
##....#####............
#####....###.(..........
##.........###...g.......
##.......@...g#...........
##..........g....(##.......
##.........g..........[.....
##........g..##.......#######
#........ยง...###...#### .
##.........### ##.## ##
#........## ##..# #
###.....## ##..######## #
###########.>........##


You could see a gnoll shaman and 3 gnolls.

Vanquished Creatures
  A scorpion (D:4)
  A howler monkey (D:4)
  3 hounds (D:4)
  A jelly (D:3)
  2 orc priests
  A bullfrog skeleton (D:5)
  An iguana (D:4)
  An orc wizard (D:3)
  A gnoll (D:5)
  5 adders
  2 dart slugs
  9 orcs
  6 bats
  6 endoplasms
  5 giant cockroaches
  8 goblins
  5 hobgoblins
  10 jackals
  2 quokkas (D:1)
  4 ball pythons
  5 frilled lizards
  5 kobolds
  2 rats
86 creatures vanquished.

Vanquished Creatures (others)
  2 plants (D:3)
2 creatures vanquished.

Grand Total: 88 creatures vanquished

Notes
Turn   | Place    | Note
-------+----------+-------------------------------------------
     0 | D:1      | Ablot the Gnoll Warper began the quest for the Orb.
     0 | D:1      | Reached XP level 1. HP: 20/20 MP: 6/6
    12 | D:1      | Found Ciczag's Antique Armour Shop.
   254 | D:1      | Reached XP level 2. HP: 11/26 MP: 7/7
   260 | D:1      | Learned a level 2 spell: Blink
   552 | D:1      | Learned a level 1 spell: Sting
   631 | D:1      | HP: 1/26 [hobgoblin (1)]
  1224 | D:2      | Reached XP level 3. HP: 31/31 MP: 9/9
  1231 | D:2      | Reached skill level 5 in Spellcasting
  1576 | D:2      | Reached skill level 1 in Invocations
  1827 | D:2      | Found a faded altar of an unknown god.
  2044 | D:3      | Reached skill level 1 in Short Blades
  2044 | D:3      | Reached skill level 1 in Long Blades
  2044 | D:3      | Reached skill level 1 in Axes
  2044 | D:3      | Reached skill level 1 in Maces & Flails
  2044 | D:3      | Reached skill level 1 in Staves
  2044 | D:3      | Reached skill level 1 in Slings
  2044 | D:3      | Reached skill level 1 in Bows
  2044 | D:3      | Reached skill level 1 in Crossbows
  2044 | D:3      | Reached skill level 1 in Stealth
  2044 | D:3      | Reached skill level 1 in Shields
  2044 | D:3      | Reached skill level 1 in Unarmed Combat
  2044 | D:3      | Reached skill level 1 in Evocations
  2328 | D:3      | Reached XP level 4. HP: 29/38 MP: 11/11
  2485 | D:3      | Reached skill level 1 in Conjurations
  2485 | D:3      | Reached skill level 1 in Hexes
  2485 | D:3      | Reached skill level 1 in Summonings
  2485 | D:3      | Reached skill level 1 in Necromancy
  2485 | D:3      | Reached skill level 1 in Transmutations
  2485 | D:3      | Reached skill level 1 in Fire Magic
  2485 | D:3      | Reached skill level 1 in Ice Magic
  2485 | D:3      | Reached skill level 1 in Air Magic
  2485 | D:3      | Reached skill level 1 in Earth Magic
  2485 | D:3      | Reached skill level 1 in Poison Magic
  2540 | D:3      | Reached XP level 5. HP: 25/43 MP: 12/12
  3170 | D:3      | Found an ornate altar of the Wu Jian Council.
  4087 | D:3      | Reached XP level 6. HP: 43/50 MP: 13/13
  4322 | D:4      | Reached skill level 5 in Fighting
  4322 | D:4      | Reached skill level 5 in Polearms
  4322 | D:4      | Reached skill level 5 in Dodging
  4895 | D:4      | Reached XP level 7. HP: 44/56 MP: 15/15
  5206 | D:5      | Entered Level 5 of the Dungeon
  5322 | D:5      | Found a staircase to the Ecumenical Temple.
  5353 | Temple   | Entered the Ecumenical Temple
  5512 | Temple   | Became a worshipper of Warmaster Okawaru
  5557 | D:5      | Learned a level 2 spell: Poisonous Vapours
  5724 | D:5      | Slain by a gnoll

Illustrated notes

Levels and vault maps discovered:
D:1:      saegor_arrival_under_anarchy, layout_rooms, serial_shops,
          nicolae_shop_trees
D:2:      layout_loops_cross, hellmonk_ecumenical_altar_heavens_door
D:3:      layout_loops_ring, amcnicky_altar_gilded, serial_bayou_pond_c,
          due_unseen_surprise
D:4:      layout_basic
D:5:      layout_cave_pods, minmay_temple_entry_ruins, serial_shops,
          nicolae_shop_bloodbath_and_beyond
Temple:   kilobyte_greek_temple

Skill      XL: |  1  2  3  4  5  6 |
---------------+-------------------+-----
Spellcasting   | 5 |  5.5
Invocations    | 1 2 |  2.5
Short Blades   | 1 2 |  2.3
Long Blades    | 1 2 |  2.3
Axes           | 1 2 |  2.3
Maces & Flails | 1 2 |  2.3
Staves         | 1 2 |  2.3
Slings         | 1 2 |  2.3
Bows           | 1 2 |  2.3
Crossbows      | 1 2 |  2.3
Stealth        | 1 2 |  2.3
Shields        | 1 2 |  2.3
Unarmed Combat | 1 2 |  2.3
Evocations     | 1 2 |  2.3
Conjurations   | 1 |  1.9
Hexes          | 1 |  1.9
Summonings     | 1 |  1.9
Necromancy     | 1 |  1.9
Transmutations | 1 |  1.9
Fire Magic     | 1 |  1.9
Ice Magic      | 1 |  1.9
Air Magic      | 1 |  1.9
Earth Magic    | 1 |  1.9
Poison Magic   | 1 |  1.9
Throwing       | 3 |  3.5
Armour         | 3 |  3.5
Fighting       | 5 |  5.1
Polearms       | 5 |  5.1
Dodging        | 5 |  5.1
Translocations | |  5.8

Action                   |  1- 3 |  4- 6 |  7- 9 || total
-------------------------+-------+-------+-------++-------
Melee: Spear             |    79 |       |       ||    79
       Punch             |     4 |     2 |     1 ||     7
       Bite              |    13 |    15 |     7 ||    35
       Trident           |    62 |   190 |    31 ||   283
Throw: Stone             |     2 |       |       ||     2
       Dart              |       |     1 |     3 ||     4
 Cast: Sting             |     1 |     2 |       ||     3
       Blink             |       |     2 |     5 ||     7
       Poisonous Vapours |       |       |     3 ||     3
 Stab: Sleeping          |       |     6 |     1 ||     7
Armor: Leather armour    |    34 |    33 |     3 ||    70
Dodge: Dodged            |    99 |   102 |    25 ||   226
